 Dungeon Crawl Stone Soup version 0.28.0-53-g5a82cb258f (webtiles) character file.

Game seed: 11447372662398162454

58340 Plasmagod the Pandemonic (level 14, 0/127 HPs)
             Began as a Deep Dwarf Fighter on July 16, 2022.
             Was a High Priest of Makhleb.
             Slain by a white ugly thing (43 damage)
             ... on level 15 of the Dungeon.
             The game lasted 01:03:30 (11733 turns).

Plasmagod the Pandemonic (Deep Dwarf Fighter)      Turns: 11733, Time: 01:03:30

Health: 0/127      AC: 27    Str: 34    XL:     14   Next: 49%
Magic:  14/14      EV: 10    Int: 16    God:    Makhleb [*****.]
Gold:   215        SH: 12    Dex: 16    Spells: 13/13 levels left

rFire   . . .      SeeInvis .   w - +7 hand axe "Besoeciu" {freeze, Str+8 Int+4 Dex-4}
rCold   x . .      Faith    .   i - +0 kite shield {AC+3}
rNeg    + . .      Spirit   .   H - +0 plate armour
rPois   +          Reflect  .   Q - +1 helmet {Int+3}
rElec   .          Harm     .   u - +0 cloak of Optimism {Fly rC- Str+3}
rCorr   +          Rampage  .   A - +1 pair of gloves
Will    ++...                   K - +1 pair of boots
Stlth   ..........              (no amulet)
HPRegen 0.00/turn               G - +6 ring of dexterity
MPRegen 0.14/turn               E - ring of the Soft Tangerine {+Blink rPois rCorr}

@: flying, studying Invocations
A: damage resistance, heal wounds, negative energy resistance 1, sense
surroundings 2, no regeneration
a: Heal Wounds, Renounce Religion, Evoke Blink, Minor Destruction, Lesser
Servant of Makhleb, Major Destruction, Greater Servant of Makhleb


You were on level 15 of the Dungeon.
You worshipped Makhleb.
Makhleb was extremely pleased with you.
You visited 1 branch of the dungeon, and saw 15 of its levels.
You also visited: Ossuary.

You collected 1034 gold pieces.
You spent 819 gold pieces at shops.

Inventory:

Hand Weapons
 r - a +2 war axe of flaming
 w - the +7 hand axe "Besoeciu" (weapon) {freeze, Str+8 Int+4 Dex-4}
   (You found it on level 5 of the Dungeon)

   It freezes those it strikes, dealing additional cold damage.
   It can also slow down cold-blooded creatures.
   Str:       It affects your strength (+8).
   Int:       It affects your intelligence (+4).
   Dex:       It affects your dexterity (-4).
Missiles
 v - 2 throwing nets
Armour
 i - a +0 kite shield of protection (worn)
 u - the +0 cloak of Optimism (worn) {Fly rC- Str+3}
   (You found it on level 4 of the Dungeon)

   Str:       It affects your strength (+3).
   rC:        It makes you vulnerable to cold.
   Fly:       It grants you flight.
 A - a +1 pair of gloves (worn)
 H - a +0 plate armour (worn)
 K - a +1 pair of boots (worn)
 Q - a +1 helmet of intelligence (worn)
Jewellery
 b - a +4 ring of protection
 o - a ring of resist corrosion
 q - a ring of ice
 E - the ring of the Soft Tangerine (right hand) {+Blink rPois rCorr}
   (You found it on level 13 of the Dungeon)

   [ring of poison resistance]

   rPois:     It protects you from poison.
   +Blink:    It lets you blink.
   rCorr:     It protects you from acid and corrosion.
 G - a +6 ring of dexterity (left hand)
 O - an amulet of faith
Wands
 l - a wand of flame (39)
 D - a wand of polymorph (3)
 F - a wand of mindburst (17)
 I - a wand of iceblast (8)
 N - a wand of acid (3)
Scrolls
 c - a scroll of noise {unknown}
 g - 2 scrolls of amnesia
 h - 15 scrolls of teleportation
 k - 9 scrolls of vulnerability
 n - a scroll of brand weapon {unknown}
 x - 2 scrolls of fog
 y - 2 scrolls of acquirement
 L - 2 scrolls of immolation
Potions
 a - 3 potions of attraction
 d - 2 potions of might
 e - 7 potions of mutation
 f - 7 potions of curing
 j - 4 potions of flight
 m - a potion of ambrosia {unknown}
 p - 4 potions of heal wounds
 s - 4 potions of brilliance
 t - 3 potions of magic
 z - 4 potions of haste
 B - 2 potions of lignification
 C - 3 potions of resistance
 J - 2 potions of invisibility
 M - 2 potions of cancellation
Miscellaneous
 P - a piece from Xom's chessboard (15/15)


   Skills:
 + Level 8.7 Fighting
 + Level 14.2(14.4) Axes
 + Level 3.2(9.0) Maces & Flails
 + Level 1.7(7.9) Polearms
 + Level 11.1 Armour
 + Level 6.8 Dodging
 + Level 5.0 Stealth
 + Level 11.4 Shields
 * Level 14.9 Invocations
 + Level 4.3 Evocations


You had 13 spell levels left.
You didn't know any spells.
Your spell library contained the following spells:

 Spells                   Type           Power      Damage    Failure   Level
 Animate Skeleton         Necr           0%         N/A       96%         1
 Beastly Appendage        Tmut           0%         N/A       96%         1
 Foxfire                  Conj/Fire      0%         2x1d4     96%         1
 Scorch                   Fire           0%         2d5       99%         2
 Wereblood                Tmut           0%         N/A       99%         2
 Dazzling Flash           Conj/Hex       0%         N/A       100%        3
 Frozen Ramparts          Ice            0%         1d2       100%        3
 Portal Projectile        Hex/Tloc       0%         N/A       100%        3
 Spider Form              Tmut/Pois      0%         N/A       100%        3
 Animate Armour           Summ/Erth      0%         N/A       100%        4
 Flame Wave               Conj/Fire      0%         2d4       100%        4
 Fulminant Prism          Conj/Hex       0%         3d6       100%        4
 Ice Form                 Ice/Tmut       0%         N/A       100%        4
 Iskenderun's Mystic Bla  Conj/Tloc      0%         2d3       100%        4
 Summon Ice Beast         Ice/Summ       0%         N/A       100%        4
 Blade Hands              Tmut           0%         N/A       100%        5
 Excruciating Wounds      Necr           0%         N/A       100%        5
 Lee's Rapid Deconstruct  Erth           0%         3d5*      100%        5
 Iron Shot                Conj/Erth      0%         9d1       100%        6
 Starburst                Conj/Fire      0%         6d3       100%        6
 Summon Cactus Giant      Summ           0%         N/A       100%        6


Dungeon Overview and Level Annotations

Branches:
Dungeon (15/15)            Temple (0/1) D:6            Lair (0/6) D:11
    Orc (0/2) D:12         Vaults (0/5) D:14        Ossuary (visited)
 Depths: D:15

Altars:
Cheibriados
Dithmenos
Fedhas
Hepliaklqana
Makhleb
Nemelex Xobeh
Qazlal
Sif Muna
Trog
Uskayaw
Vehumet
Xom
Yredelemnul
Zin

Shops:
D:1 [   D:3 (   D:6 :   D:7 :   D:10 *   D:13 *

Annotations:
D:7 1 transporter
D:11 1 runed translucent door, sshlich's ghost, journeyman DECj
D:14 3 runed translucent doors, Meal's ghost, journeyman FeSu


Innate Abilities, Weirdness & Mutations

You are resistant to damage.
You can heal yourself by infusing magical energy.
You resist negative energy. (rN+)
You passively map the area around you.
You do not regenerate.


Message History

You hit the cyan ugly thing. You freeze the cyan ugly thing.
The cyan ugly thing is heavily wounded.
You hit the white ugly thing.
The cyan ugly thing splashes around in the water.
Your orange demon barely misses the white ugly thing.
You block the white ugly thing's attack.
The deep elf pyromancer casts a spell.
The deep elf pyromancer blinks!
You hit the cyan ugly thing but do no damage.
The cyan ugly thing is heavily wounded.
You completely miss the white ugly thing.
The cyan ugly thing engulfs you but does no damage.
Your orange demon stings the white ugly thing from afar!
You block the white ugly thing's attack.
You slash the white ugly thing! You freeze the white ugly thing.
The white ugly thing is lightly wounded.
You slash the white ugly thing! You freeze the white ugly thing.
You hit the cyan ugly thing but do no damage.
The cyan ugly thing engulfs you but does no damage.
A white imp comes into view.
You hit the white ugly thing.
The white ugly thing is moderately wounded.
You closely miss the cyan ugly thing. You slash the white ugly thing!
You kill the white ugly thing!
Makhleb accepts your kill.
You block the white ugly thing's attack.
Your orange demon closely misses the white ugly thing.
You slash the white ugly thing! You freeze the white ugly thing.
The white ugly thing is heavily wounded.
You slash the cyan ugly thing! You freeze the cyan ugly thing.
You block the cyan ugly thing's attack.
The white ugly thing headbutts you but does no damage.
Your orange demon splashes around in the water.
You barely miss the white ugly thing.
The white ugly thing is heavily wounded.
You closely miss the cyan ugly thing.
The white imp summons a swarm of flies.
The cyan ugly thing barely misses you. The white ugly thing headbutts you!
The white ugly thing freezes you!!!
You feel a terrible chill!
You die...

,......≈≈≈........ ,,
*, ...≈.≈≈.≈........ ,
, ...≈≈.≈.......... , *
...≈≈.≈......e5.. ,,,
#.......≈.≈≈)........
**
#.........≈≈.).......**
, #..........)........#
, #...##.....uu.#######
, * #...######.≈@##
*,,* #...# ##.4#######
, *
#...#######.≈....... ,*
#..†).......≈.......* *
#...(......≈........ ,,
, #..###...##≈##......
**, #).#
#...#####....##..###+#
#..#
#...##.......##......#
#..#
#........#...##.....#*


You could see 2 ugly things, a deep elf pyromancer, a white imp and a friendly
orange demon (summoned).

Vanquished Creatures
  A slime creature (D:12)
  Azrael (D:15)
  Josephine (D:10)
  2 centaur warriors (D:13)
  4 two-headed ogres
  3 hydras
  3 tengu warriors (D:13)
  5 skeletal warriors
  A necromancer (D:14)
  3 deep elf pyromancers
  8 ugly things
  3 cyclopes
  3 manticores
  Maurice (D:9)
  2 unseen horrors (D:12)
  A gargoyle (D:13)
  A freezing wraith (D:14)
  3 trolls
  2 polar bears (D:15)
  Prince Ribbit (D:5)
  6 meliai
  A hornet (D:11)
  A shadow (D:11)
  Sigmund (D:5)
  A vampire (D:14)
  5 wraiths (D:10)
  20 yaks
  3 basilisks
  7 vampire mosquitoes
  A human (D:14)
  3 wargs
  7 swamp worms (D:13)
  A water moccasin (D:7)
  4 hell hounds (D:15)
  An acid dragon (D:12)
  A black bear (D:6)
  5 orc warriors
  A sky beast (D:5)
  A tengu (shapeshifter) (D:15)
  2 ice beasts (D:15)
  3 boggarts (D:11)
  9 centaurs
  An ogre (D:6)
  2 wolves (D:15)
  2 kobold brigands
  A gnoll sergeant (D:8)
  2 elf zombies (Ossuary)
  3 bullfrogs
  2 scorpions (D:6)
  A water moccasin zombie (D:3)
  3 water moccasin skeletons
  6 killer bees (D:9)
  5 wights (D:10)
  2 howler monkeys (D:13)
  A centaur zombie (D:10)
  A bullfrog zombie (D:6)
  4 hounds
  3 jellies
  12 orc priests
  3 human zombies (Ossuary)
  A bullfrog skeleton (D:5)
  8 orc wizards
  5 iguanas
  2 killer bee zombies
  A hound skeleton (D:5)
  2 mummies (Ossuary)
  2 howler monkey zombies
  A howler monkey skeleton (D:7)
  8 gnolls
  6 adders
  3 white imps
  An adder zombie (Ossuary)
  An adder skeleton (D:4)
  A worm (D:4)
  4 dart slugs
  50 orcs
  9 ball pythons
  5 bats
  5 endoplasms
  3 giant cockroaches
  8 goblins
  9 hobgoblins
  3 quokkas
  5 frilled lizards
  A goblin zombie (Ossuary)
  10 hobgoblin zombies (Ossuary)
  2 jackal zombies (Ossuary)
  18 kobolds
  6 kobold zombies (Ossuary)
  10 orc zombies (Ossuary)
  8 rats
  A rat zombie (Ossuary)
  9 briar patches (D:13)
395 creatures vanquished.

Vanquished Creatures (collateral kills)
  A boulder beetle (D:12)
  2 skeletal warriors
  An ugly thing (D:15)
  A jumping spider (shapeshifter) (D:10)
  A human (D:12)
  A vampire mosquito (D:12)
  A centaur (D:13)
  2 orc wizards
  2 orcs (D:5)
12 creatures vanquished.

Vanquished Creatures (others)
  A harpy simulacrum (D:15)
  3 briar patches (D:13)
  3 fungi (D:11)
  6 plants (D:11)
13 creatures vanquished.

Grand Total: 420 creatures vanquished

Notes
Turn   | Place    | Note
-------+----------+-------------------------------------------
     0 | D:1      | Plasmagod the Deep Dwarf Fighter began the quest for the
                  | Orb.
     0 | D:1      | Reached XP level 1. HP: 20/20 MP: 1/1
   143 | D:1      | Reached XP level 2. HP: 27/27 MP: 2/2
   411 | D:1      | Found Doalu's Armour Emporium.
   421 | D:1      | Reached XP level 3. HP: 26/34 MP: 3/3
  1318 | D:2      | Reached XP level 4. HP: 33/42 MP: 4/4
  1749 | D:3      | Found a burning altar of Makhleb.
  1752 | D:3      | Became a worshipper of Makhleb the Destroyer
  1766 | D:3      | Reached skill level 1 in Dodging
  1931 | D:3      | Reached XP level 5. HP: 44/49 MP: 4/4
  2157 | D:3      | Found a hazy altar of Hepliaklqana.
  2254 | D:3      | Reached * piety under Makhleb
  2256 | D:3      | Found Ruonn's Antique Weapon Emporium.
  2440 | D:4      | Reached XP level 6. HP: 29/56 MP: 5/5
  2442 | D:4      | Found a blossoming altar of Fedhas.
  2615 | D:4      | Found a snail-covered altar of Cheibriados.
  2628 | D:4      | Reached skill level 5 in Axes
  2669 | D:4      | Found a sand-covered staircase.
  2684 | Ossuary  | Entered an ossuary
  2784 | Ossuary  | Reached ** piety under Makhleb
  2803 | Ossuary  | Reached skill level 1 in Invocations
  2809 | Ossuary  | Reached XP level 7. HP: 44/63 MP: 4/6
  3113 | D:4      | Reached skill level 5 in Armour
  3115 | D:4      | Identified the +0 cloak of Optimism {Fly rC- Str+3}
  3422 | D:5      | Entered Level 5 of the Dungeon
  3428 | D:5      | Identified the +7 hand axe "Besoeciu" {freeze, Str+8 Int+4
                  | Dex-4}
  3512 | D:5      | Noticed Sigmund
  3527 | D:5      | Reached *** piety under Makhleb
  3537 | D:5      | Killed Sigmund
  3538 | D:5      | Reached XP level 8. HP: 41/72 MP: 8/8
  3554 | D:5      | Found a radiant altar of Vehumet.
  3586 | D:5      | Noticed Prince Ribbit
  3633 | D:5      | Identified a scroll of acquirement
  3633 | D:5      | Acquired a +0 kite shield of protection
  3788 | D:5      | Killed Prince Ribbit
  3908 | D:5      | Noticed a two-headed ogre
  3920 | D:5      | Killed a two-headed ogre
  3921 | D:5      | Reached skill level 5 in Invocations
  3921 | D:5      | Gained mutation: You passively map the area around you.
                  | [Deep Dwarf growth]
  3921 | D:5      | Reached XP level 9. HP: 32/79 MP: 9/11
  4086 | D:6      | Found a staircase to the Ecumenical Temple.
  4116 | D:6      | Found Xeepp's Self-Improvement Boutique.
  4274 | D:6      | Reached skill level 5 in Shields
  4281 | D:6      | Found a shimmering blue altar of Sif Muna.
  4307 | D:6      | Got Sif Muna's Grimoire of the Evil Arsonist
  4312 | D:6      | Found a bloodstained altar of Trog.
  4543 | D:6      | Reached skill level 5 in Fighting
  4828 | D:7      | Found a shimmering altar of Xom.
  5025 | D:7      | Found Xarpham's Book Shoppe.
  5102 | D:7      | Found a shadowy altar of Dithmenos.
  5433 | D:7      | Found a sparkling altar of Nemelex Xobeh.
  5433 | D:7      | Found a transporter.
  5434 | D:7      | Noticed a centaur warrior
  5434 | D:7      | Noticed a gargoyle
  5645 | D:8      | Reached **** piety under Makhleb
  5968 | D:8      | Found a glowing silver altar of Zin.
  6081 | D:8      | Noticed a skeletal warrior
  6081 | D:8      | Noticed a skeletal warrior
  6081 | D:8      | Noticed a skeletal warrior
  6118 | D:8      | Killed a skeletal warrior
  6119 | D:8      | Reached skill level 10 in Axes
  6119 | D:8      | Reached XP level 10. HP: 33/88 MP: 12/14
  6125 | D:8      | Killed a skeletal warrior
  6142 | D:8      | Killed a skeletal warrior
  6143 | D:8      | Reached skill level 1 in Stealth
  6276 | D:9      | Noticed Maurice
  6292 | D:9      | Killed Maurice
  6348 | D:9      | Noticed a +0 spear
  6517 | D:9      | Noticed a +0 spear
  6517 | D:9      | Noticed a +0 dagger
  6518 | D:9      | Noticed a +0 dagger
  6519 | D:9      | Noticed a +0 short sword
  6519 | D:9      | Noticed a +0 short sword
  6519 | D:9      | Noticed a +0 falchion
  6519 | D:9      | Noticed a +0 falchion
  6540 | D:9      | Found a hide-covered altar of Uskayaw.
  6590 | D:9      | Found a basalt altar of Yredelemnul.
  6950 | D:10     | Entered Level 10 of the Dungeon
  7279 | D:10     | Noticed Josephine
  7287 | D:10     | Reached XP level 11. HP: 13/92 MP: 12/12
  7303 | D:10     | Killed Josephine
  7335 | D:10     | Found Hirickunt's CLEARANCE SALE!.
  7341 | D:10     | Bought a scroll of fog for 4 gold pieces
  7341 | D:10     | Bought 2 scrolls of identify for 8 gold pieces
  7341 | D:10     | Bought a scroll of immolation for 7 gold pieces
  7347 | D:10     | Reached skill level 1 in Polearms
  7347 | D:10     | Reached skill level 10 in Invocations
  7347 | D:10     | Reached XP level 12. HP: 83/104 MP: 12/12
  7348 | D:10     | Reached XP level 13. HP: 90/113 MP: 12/14
  7839 | D:11     | Reached ***** piety under Makhleb
  7948 | D:11     | Found a staircase to the Lair.
  8136 | D:11     | Found a runed translucent door.
  8136 | D:11     | Noticed sshlich's ghost (journeyman DECj)
  8138 | D:11     | Identified the +9 trident "Heiqud" {holy, rF+ Str-3 Dex+3}
  9258 | D:12     | Found a staircase to the Orcish Mines.
  9587 | D:12     | Reached skill level 10 in Shields
  9765 | D:13     | Found a transporter.
  9888 | D:13     | Found Luczuhoi's Pet Rocks.
  9902 | D:13     | Reached skill level 10 in Armour
 10077 | D:6      | Bought a manual of Invocations for 800 gold pieces
 10545 | D:13     | Found a transporter.
 10594 | D:13     | Gained mutation: You resist negative energy. (rN+) [Deep
                  | Dwarf growth]
 10594 | D:13     | Reached XP level 14. HP: 52/126 MP: 15/15
 10655 | D:13     | Identified the ring of the Soft Tangerine {+Blink rPois
                  | rCorr}
 10927 | D:14     | Found a stormy altar of Qazlal.
 11070 | D:14     | Found a runed translucent gate.
 11070 | D:14     | Found a runed translucent gate.
 11075 | D:14     | Found a runed translucent gate.
 11099 | D:14     | Noticed Meal's ghost (journeyman FeSu)
 11099 | D:14     | Noticed a frost giant
 11228 | D:14     | Found a gate to the Vaults.
 11437 | D:15     | Entered Level 15 of the Dungeon
 11556 | D:15     | Found a radiant altar of Vehumet.
 11594 | D:15     | Noticed Azrael
 11619 | D:15     | Killed Azrael
 11721 | D:15     | Reached skill level 5 in Stealth
 11733 | D:15     | Slain by a white ugly thing

Illustrated notes

Levels and vault maps discovered:
D:1:      dpeg_arrival_simpleton_a, layout_basic, serial_shops,
          nicolae_shop_advertising_works [nicolae_subvault_shop_adworks]
D:2:      minmay_skewed_foursquare, layout_basic
D:3:      layout_basic, mainiacjoe_overflow_tiny_flanked,
          mainiacjoe_overflow_concentric_impassable, serial_shops,
          nicolae_shop_statue_plus, corexii_hall_statues_i,
          lemuel_another_geyser
D:4:      minmay_inner_zag, layout_basic, amcnicky_altar_gilded,
          mainiacjoe_overflow_alcove_4, nicolae_ossuary_entry_false_entrances
D:5:      layout_cave_pools, mainiacjoe_overflow_24_doors,
          kennysheep_generic_room_11, uniq_sigmund, uniq_prince_ribbit1
D:6:      layout_gridville, nzn_overflow_gifts_of_might_and_magic,
          minmay_temple_entry_from_below_a, nicolae_shop_self_help
D:7:      layout_basic, mainiacjoe_overflow_cross_hatched,
          mainiacjoe_overflow_surrounded_room, grunt_nemelex_the_gamble,
          serial_shops, shop_coins
D:8:      layout_rooms, lemuel_crystal_altar, lightli_minifort
D:9:      layout_long_grid, yredelemnul_altar_generic,
          nicolae_uskayaw_en_pointe, grunt_ministairs_6, uniq_maurice
D:10:     layout_loops_cross, nicolae_shop_clearance, uniq_josephine
D:11:     layout_layer_cave, erik_lair_orcish_takeover,
          ebering_ghost_funeral_grove
D:12:     layout_roguey, erik_orc_4
D:13:     gammafunk_worm_tunnel, layout_long_grid, nicolae_two_hexagons,
          grunt_decor_one_mirror, guppyfry_shop_earth
D:14:     layout_rooms, david_vaults_1, nicolae_qazlal_scattered_showers,
          gammafunk_ghost_icy, grunt_livestock
D:15:     grunt_enter_depths_magical_seal, layout_small_grid, serial_ice,
          serial_ice_h, serial_ice_k, serial_ice_c, serial_ice_b, serial_ice_m,
          serial_ice_n, serial_ice_o, serial_ice_a, serial_ice_e, serial_ice_d,
          portal_ice_cave_entry_ice_statue_two, vehumet_altar_wand_db,
          uniq_azrael, uniq_rupert

Skill      XL: |  1  2  3  4  5  6  7  8  9 10 11 12 13 14 |
---------------+-------------------------------------------+-----
Fighting       | 3 4 5 6 7 8 |  8.7
Axes           | 3 4 5 6 8 10 11 12 13 14 | 14.2
Dodging        | 1 2 3 4 6 |  6.8
Shields        | 4 5 7 8 10 11 | 11.4
Armour         | 4 5 6 7 8 9 10 11 | 11.1
Invocations    | 2 3 5 8 9 10 11 13 14 | 14.9
Stealth        | 1 3 4 5 |  5.0
Maces & Flails | 2 3 |  3.2
Polearms       | 1 |  1.7
Evocations     | 2 4 |  4.3

Action                   |  1- 3 |  4- 6 |  7- 9 | 10-12 | 13-15 || total
-------------------------+-------+-------+-------+-------+-------++-------
Melee: War axe           |   105 |   211 |    42 |       |    28 ||   386
       Hand axe          |       |       |   209 |   165 |   597 ||   971
Invok: Minor Destruction |       |       |     1 |       |     3 ||     4
       Lesser Servant of |       |       |     5 |     2 |    13 ||    20
       Major Destruction |       |       |       |     1 |     3 ||     4
 Abil: Heal Wounds       |     1 |     4 |    10 |    11 |    40 ||    66
  Use: Scroll            |       |       |    11 |     6 |     3 ||    20
       Potion            |       |       |       |     2 |       ||     2
 Stab: Distracted        |       |       |       |     1 |     4 ||     5
Armor: Scale mail        |    49 |    87 |   109 |     1 |       ||   246
       Plate armour      |       |       |       |    82 |   467 ||   549
Dodge: Dodged            |    70 |   105 |    86 |    56 |   218 ||   535
Block: Buckler           |    20 |    32 |    15 |       |       ||    67
       Kite shield       |       |       |    72 |    97 |   402 ||   571
